 Dungeon Crawl Stone Soup version 0.27-a0-1291-geefcff550b (webtiles) character file.

Game seed: 179039628689741146

88 Sweetruy1997 the Stinger (level 4, -5/34 HPs)
             Began as a Draconian Venom Mage on June 15, 2021.
             Killed by divine providence
             ... invoked by an orc priest
              (12 damage)
             ... on level 3 of the Dungeon.
             The game lasted 00:07:45 (2621 turns).

Sweetruy1997 the Stinger (Draconian Venom Mage)     Turns: 2621, Time: 00:07:46

Health: -5/34      AC:  5    Str: 10    XL:     4   Next: 30%
Magic:  0/8        EV: 12    Int: 16    God:
Gold:   140        SH:  0    Dex: 12    Spells: 2/8 levels left

rFire    . . .     SeeInvis .   c - +0 short sword
rCold    . . .     Faith    .   (no shield)
rNeg     . . .     Spirit   .   (armour unavailable)
rPois    .         Reflect  .   (helmet restricted)
rElec    .         Harm     .   (no cloak)
rCorr    .         Rampage  .   (no gloves)
Will     .....                  (no boots)
Stlth    ++........             (no amulet)
HPRegen  0.11/turn              (no ring)
MPRegen  0.11/turn              (no ring)

@: very slightly contaminated
A: AC +5, unfitting armour, cold-blooded
a: no special abilities


You were on level 3 of the Dungeon.
You visited 1 branch of the dungeon, and saw 3 of its levels.

You collected 140 gold pieces.

Inventory:

Hand Weapons
 c - a +0 short sword (weapon)
Scrolls
 b - a scroll of silence {unknown}
 d - 2 scrolls of magic mapping {unknown}
 f - a scroll of holy word {unknown}
 g - a scroll of identify {unknown}
 i - 2 scrolls of teleportation {unknown}
Potions
 a - a potion of haste {unknown}
 e - a potion of attraction {unknown}
 h - 2 potions of invisibility {unknown}


   Skills:
 + Level 0.4 Fighting
 + Level 0.8 Short Blades
 + Level 2.0 Dodging
 + Level 1.9 Stealth
 + Level 2.8 Spellcasting
 + Level 1.4 Transmutations
 - Level 1.0 Air Magic
 + Level 3.7 Poison Magic


You had 2 spell levels left.
You knew the following spells:

 Your Spells              Type           Power      Damage    Failure   Level
a - Sting                 Tmut/Pois      40%        1d5       7%          1
b - Poisonous Vapours     Pois/Air       18%        N/A       11%         2
c - Ignite Poison         Fire/Tmut/Pois 7%         N/A       28%         3

Your spell library contained the following spells:

 Spells                   Type           Power      Damage    Failure   Level
 Mephitic Cloud           Conj/Pois/Air  7%         N/A       30%         3
 Olgreb's Toxic Radiance  Pois           14%        N/A       38%         4


Dungeon Overview and Level Annotations

Branches:
Dungeon (3/15)

Altars:
Dithmenos
Fedhas
Hepliaklqana
Yredelemnul


Innate Abilities, Weirdness & Mutations

Your plain brown scales are hard. (AC +5)
You cannot fit into any form of body armour.
You are cold-blooded and may be slowed by cold attacks.


Message History

Casting: Sting (safe; 7% risk of failure)
Confirm with . or Enter, or press ? or * to list all spells.
Aiming: Sting (safe; 7% risk of failure)
Press: ? - help, Shift-Dir - straight line, f - orc priest, p - orc
Aim: an orc priest, wielding a +0 club (71% to hit)
The sting hits the orc priest.
The orc priest is poisoned.
The orc priest is lightly wounded.
You kill the orc!
You closely miss the orc priest.
The orc priest is lightly wounded.
The orc priest mumbles some strange prayers to Beogh against you.
Pain shoots through your body!
Your magical contamination has completely faded away.
Unknown command.
You barely miss the orc priest.
The orc priest is lightly wounded.
The orc priest hits you with a +0 club. The orc priest closely misses you.
You barely miss the orc priest. You tail-slap the orc priest.
The orc priest is heavily wounded.
The orc priest hits you with a +0 club.
Casting: Sting (safe; 7% risk of failure)
Confirm with . or Enter, or press ? or * to list all spells.
Aiming: Sting (safe; 7% risk of failure)
Press: ? - help, Shift-Dir - straight line, f/p - orc priest
Aim: an orc priest, wielding a +0 club (heavily wounded, poisoned, 71% to hit)
You miscast Sting.
You are very lightly contaminated with residual magic.
Nothing appears to happen.
The orc priest mumbles some strange prayers to Beogh against you.
Beogh smites you!
* * * LOW HITPOINT WARNING * * *
You hit the orc priest.
The orc priest is severely wounded.
The orc priest hits you with a +0 club.
* * * LOW HITPOINT WARNING * * *
You closely miss the orc priest. You tail-slap the orc priest.
The orc priest is almost dead.
The orc priest mumbles some strange prayers to Beogh against you.
Beogh smites you!
You die...

.....# ....(# #....#
#....# .# #)... #.# .g.
#.# ######## #o####.#
.......# . #@)....#
.......# .###......#
.......# ..##......#
.......# #.##......#
.......# #.##......#
.......######.##.####.#
.......##.....##†# #.#
..)....##'###..#.#
#.#######
............#..#.#
#.......#


You could see an orc priest (poisoned) and a hobgoblin.

Vanquished Creatures
  4 adders
  A worm (D:2)
  2 orcs (D:3)
  A bat (D:2)
  3 endoplasms
  2 giant cockroaches (D:1)
  3 goblins
  6 hobgoblins
  5 jackals (D:2)
  8 ball pythons
  A frilled lizard (D:2)
  6 kobolds
  5 rats
47 creatures vanquished.

Vanquished Creatures (others)
  2 plants (D:2)
2 creatures vanquished.

Grand Total: 49 creatures vanquished

Notes
Turn   | Place    | Note
-------+----------+-------------------------------------------
     0 | D:1      | Sweetruy1997 the Draconian Venom Mage began the quest for
                  | the Orb.
     0 | D:1      | Reached XP level 1. HP: 14/14 MP: 3/3
   269 | D:1      | Reached XP level 2. HP: 20/20 MP: 3/5
   280 | D:1      | Learned a level 2 spell: Poisonous Vapours
   994 | D:2      | Reached XP level 3. HP: 22/26 MP: 1/6
  1038 | D:2      | Learned a level 3 spell: Ignite Poison
  1303 | D:2      | Found a blossoming altar of Fedhas.
  1955 | D:2      | Reached XP level 4. HP: 28/33 MP: 3/8
  2237 | D:2      | Reached skill level 1 in Air Magic
  2458 | D:3      | Found a basalt altar of Yredelemnul.
  2459 | D:3      | Found a hazy altar of Hepliaklqana.
  2459 | D:3      | Found a shadowy altar of Dithmenos.
  2586 | D:3      | Found a faded altar of an unknown god.
  2621 | D:3      | Killed from afar by an orc priest

Illustrated notes

Levels and vault maps discovered:
D:1:      wander_arrival_peaceful_grave, layout_rooms
D:2:      wad_lake_hut, layout_basic, basic_altar, dk_noncrumbling_2
D:3:      layout_basic, chequers_temple_overflow_statue_of_worship,
          basic_ecumenical_altar

Skill      XL: |  1  2  3  4 |
---------------+-------------+-----
Dodging        | 2 |  2.0
Air Magic      | 1 |  1.0
Fighting       | |  0.4
Short Blades   | |  0.8
Stealth        | |  1.9
Spellcasting   | |  2.8
Transmutations | |  1.4
Poison Magic   | |  3.7

Action                   |  1- 3 |  4- 6 || total
-------------------------+-------+-------++-------
Melee: Unarmed           |    17 |       ||    17
       Tailslap          |     8 |     2 ||    10
       Short sword       |    31 |    15 ||    46
 Cast: Sting             |    22 |     3 ||    25
       Poisonous Vapours |    22 |     7 ||    29
       Ignite Poison     |     1 |     1 ||     2
Armor: Skin              |    10 |     2 ||    12
Dodge: Dodged            |    38 |     5 ||    43

Table legend: (Time is in decaauts)
 A = Elapsed time spent in this place.
 B = Non-inter-level travel time spent in this place.
 C = Inter-level travel time spent in this place.
 D = Time resting spent in this place.
 E = Time spent auto-exploring this place.
 F = Levels seen in this place.
 G = Mean time per level.
                   A        B        C        D        E       F      G
               +--------+--------+--------+--------+--------+-----+--------+
         Total |   2665 |   2638 |     27 |    945 |   1335 |   3 |  888.3 |
       Dungeon |   2665 |   2638 |     27 |    945 |   1335 |   3 |  888.3 |
               +--------+--------+--------+--------+--------+-----+--------+

Top non-repeatable levels by time:
     D:2: 1548 daAuts
     D:1: 949 daAuts
     D:3: 167 daAuts
